3AAA
BRINKLEY BELUGAS @ HIALEAH DODOS
05/19/2031
 
TOP OF THE 1ST
Brinkley Belugas batting - Pitching for Hialeah Dodos : RHP Woo-suk Cho
Pitching: RHP Woo-suk Cho
Batting: RHB Martín Alejadre 0-0: Ball
1-0: Called Strike
1-1: Foul Ball, location: 2F
1-2: Strikes out swinging
Batting: RHB Colm Goodwill 0-0: Called Strike
0-1: Ball
1-1: Called Strike
1-2: Ball
2-2: Ground out 6-3 (Groundball, 6)
Batting: RHB Wu-shiun Wang 0-0: Called Strike
0-1: Fly out, F5 (Popup, 5SF)
Top of the 1st over - 0 runs, 0 hits, 0 errors, 0 left on base; Brinkley 0 - Hialeah 0
BOTTOM OF THE 1ST
Hialeah Dodos batting - Pitching for Brinkley Belugas : RHP Carlos Peret
Pitching: RHP Carlos Peret
Batting: SHB Javier Gonzáles 0-0: Called Strike
0-1: Swinging Strike
0-2: Foul Ball, location: 2F
0-2: Ball
1-2: Ball
2-2: Strikes out looking
Batting: RHB Clarence Weber 0-0: Fly out, F8 (Flyball, 78M)
Batting: LHB Raúl Aguirre 0-0: Called Strike
0-1: SINGLE (Groundball, 56D)
Batting: RHB Owen Cannon 0-0: Fly out, F8 (Flyball, 8RD)
Bottom of the 1st over - 0 runs, 1 hit, 0 errors, 1 left on base; Brinkley 0 - Hialeah 0
TOP OF THE 2ND
Brinkley Belugas batting - Pitching for Hialeah Dodos : RHP Woo-suk Cho
Batting: RHB Rubén Campos 0-0: Called Strike
0-1: Ball
1-1: Called Strike
1-2: Strikes out looking
Batting: SHB Eddie Ménard 0-0: Ball
1-0: Called Strike
1-1: Called Strike
1-2: Strikes out looking
Batting: RHB Felix Plugge 0-0: Called Strike
0-1: Called Strike
0-2: Fly out, F9 (Line Drive, 9)
Top of the 2nd over - 0 runs, 0 hits, 0 errors, 0 left on base; Brinkley 0 - Hialeah 0
BOTTOM OF THE 2ND
Hialeah Dodos batting - Pitching for Brinkley Belugas : RHP Carlos Peret
Batting: RHB Curt Kenney 0-0: Ball
1-0: Ball
2-0: Called Strike
2-1: Foul Ball, location: 2F
2-2: Hit by Pitch
Batting: RHB Stephen McManus 0-0: Ball
1-0: Grounds into double play, 4-6-3 (Groundball, 4)
Batting: RHB Aurelio Álvarez 0-0: Ball
1-0: Called Strike
1-1: SINGLE (Groundball, 34S) (infield hit)
Batting: RHB Jack Head 0-0: Called Strike
0-1: Ground out 5-3 (Groundball, 56)
Bottom of the 2nd over - 0 runs, 1 hit, 0 errors, 1 left on base; Brinkley 0 - Hialeah 0
TOP OF THE 3RD
Brinkley Belugas batting - Pitching for Hialeah Dodos : RHP Woo-suk Cho
Batting: RHB Brandon Cole 0-0: Ball
1-0: Ball
2-0: Ball
3-0: Base on Balls
Batting: LHB Gerald Kaufman 0-0: Called Strike
0-1: Ball
1-1: Foul Ball, location: 2F
1-2: Hit by Pitch
Brandon Cole to second
Batting: RHB Oscar Gandarilla 0-0: Called Strike
0-1: Fly out, F7 (Line Drive, 7D)
Runner from 2nd tags up, SAFE at 3rd, no throw
Batting: RHB Martín Alejadre 0-0: Ball
1-0: Ball
2-0: SINGLE (Groundball, 4D)
Brandon Cole scores
Gerald Kaufman to second
Runner from 2nd tries for 3rd, SAFE, no throw
Batting: RHB Colm Goodwill 0-0: Ball
1-0: Ball
2-0: Called Strike
2-1: Swinging Strike
2-2: Strikes out swinging
Batting: RHB Wu-shiun Wang 0-0: Ball
Martín Alejadre is caught stealing 2nd base
Top of the 3rd over - 1 run, 1 hit, 0 errors, 1 left on base; Brinkley 1 - Hialeah 0
BOTTOM OF THE 3RD
Hialeah Dodos batting - Pitching for Brinkley Belugas : RHP Carlos Peret
Batting: LHB Perry Bothof 0-0: Ball
1-0: Foul Ball, location: 2F
1-1: Ball
2-1: Ball
3-1: Called Strike
3-2: Foul Ball, location: 2F
3-2: Strikes out swinging
Batting: SHB Javier Gonzáles 0-0: Fly out, F8 (Line Drive, 8RM)
Batting: RHB Clarence Weber 0-0: Ball
1-0: Foul Ball, location: 2F
1-1: Ball
2-1: Ball
3-1: DOUBLE (Line Drive, 89XD)
Batting: LHB Raúl Aguirre 0-0: Swinging Strike
0-1: Foul Ball, location: 2F
0-2: Ball
1-2: Ground out 5-3 (Groundball, 6)
Bottom of the 3rd over - 0 runs, 1 hit, 0 errors, 1 left on base; Brinkley 1 - Hialeah 0
TOP OF THE 4TH
Brinkley Belugas batting - Pitching for Hialeah Dodos : RHP Woo-suk Cho
Batting: RHB Wu-shiun Wang 0-0: Called Strike
0-1: Ball
1-1: Ball
2-1: Ball
3-1: Called Strike
3-2: Strikes out swinging
Batting: RHB Rubén Campos 0-0: Called Strike
0-1: Ball
1-1: Foul Ball, location: 2F
1-2: Strikes out swinging
Batting: SHB Eddie Ménard 0-0: Ball
1-0: Foul Ball, location: 2F
1-1: Ball
2-1: Ball
3-1: Base on Balls
Batting: RHB Felix Plugge 0-0: Ball
1-0: Foul Ball, location: 2F
1-1: Ball
2-1: Foul Ball, location: 2F
2-2: Strikes out swinging
Top of the 4th over - 0 runs, 0 hits, 0 errors, 1 left on base; Brinkley 1 - Hialeah 0
BOTTOM OF THE 4TH
Hialeah Dodos batting - Pitching for Brinkley Belugas : RHP Carlos Peret
Batting: RHB Owen Cannon 0-0: Swinging Strike
0-1: Ball
1-1: Ground out 3-1 (Groundball, 34)
Batting: RHB Curt Kenney 0-0: Called Strike
0-1: Ball
1-1: Ball
2-1: Ball
3-1: Foul Ball, location: 2F
3-2: Foul Ball, location: 2F
3-2: Base on Balls
Batting: RHB Stephen McManus 0-0: Called Strike
0-1: Ball
1-1: Ball
2-1: Called Strike
2-2: Grounds into double play, 1-6-3 (Groundball, 13)
Bottom of the 4th over - 0 runs, 0 hits, 0 errors, 0 left on base; Brinkley 1 - Hialeah 0
TOP OF THE 5TH
Brinkley Belugas batting - Pitching for Hialeah Dodos : RHP Woo-suk Cho
Batting: RHB Brandon Cole 0-0: Called Strike
0-1: Fly out, F7 (Flyball, 7)
Batting: LHB Gerald Kaufman 0-0: Ball
1-0: Bunted foul
1-1: Ball
2-1: Ball
3-1: Base on Balls
Batting: RHB Oscar Gandarilla 0-0: Called Strike
0-1: Ball
1-1: Foul Ball, location: 2F
1-2: Ball
2-2: SINGLE (Groundball, 34S) (infield hit)
Gerald Kaufman to second
Batting: RHB Martín Alejadre 0-0: Ball
Gerald Kaufman steals 3rd base
Oscar Gandarilla to second
1-0: Fly out, F4 (Popup, 4M)
Batting: RHB Colm Goodwill 0-0: Called Strike
0-1: Called Strike
0-2: Ball
1-2: Foul Ball, location: 2F
1-2: Foul Ball, location: 2F
1-2: Ball
2-2: Ball
3-2: Foul Ball, location: 2F
3-2: Base on Balls
Batting: RHB Wu-shiun Wang 0-0: Called Strike
0-1: Ball
1-1: Ball
2-1: Fly out, F9 (Flyball, 9)
Top of the 5th over - 0 runs, 1 hit, 0 errors, 3 left on base; Brinkley 1 - Hialeah 0
BOTTOM OF THE 5TH
Hialeah Dodos batting - Pitching for Brinkley Belugas : RHP Carlos Peret
Batting: RHB Aurelio Álvarez 0-0: Ball
1-0: Swinging Strike
1-1: Ball
2-1: Ball
3-1: Base on Balls
Batting: RHB Jack Head 0-0: Ball
1-0: Ball
2-0: Foul Ball, location: 2F
2-1: Foul Ball, location: 2F
2-2: Ball
3-2: Base on Balls
Aurelio Álvarez to second
Batting: LHB Perry Bothof 0-0: Foul Ball, location: 2F
0-1: Grounds into double play, 6-4-3 (Groundball, 6)
Aurelio Álvarez to third
Batting: SHB Javier Gonzáles 0-0: Ball
1-0: Ball
2-0: Ball
3-0: Base on Balls
Batting: RHB Clarence Weber 0-0: Ball
1-0: Ball
2-0: Ball
3-0: Called Strike
3-1: Fly out, F8 (Line Drive, 8LM)
Bottom of the 5th over - 0 runs, 0 hits, 0 errors, 2 left on base; Brinkley 1 - Hialeah 0
TOP OF THE 6TH
Brinkley Belugas batting - Pitching for Hialeah Dodos : RHP Woo-suk Cho
Batting: RHB Rubén Campos 0-0: Ball
1-0: Called Strike
1-1: Ball
2-1: Called Strike
2-2: Foul Ball, location: 2F
2-2: Ball
3-2: Ground out 4-3 (Groundball, 4)
Batting: SHB Eddie Ménard 0-0: Called Strike
0-1: Ball
1-1: Foul Ball, location: 2F
1-2: Ball
2-2: Ball
3-2: Foul Ball, location: 2F
3-2: Fly out, F8 (Flyball, 8LXD)
Batting: RHB Felix Plugge 0-0: Ball
1-0: SINGLE (Line Drive, 6D)
Batting: RHB Brandon Cole 0-0: Called Strike
0-1: Ball
1-1: Ball
2-1: Ball
3-1: Foul Ball, location: 2F
3-2: Foul Ball, location: 2F
3-2: Base on Balls
Felix Plugge to second
Batting: LHB Gerald Kaufman 0-0: SINGLE (Flyball, 8LS)
Felix Plugge to third
Brandon Cole to second
Runner from 3rd tries for Home, SAFE, no throw
Batting: RHB Oscar Gandarilla 0-0: Ball
1-0: Ball
2-0: Ball
3-0: Base on Balls
Brandon Cole to third
Gerald Kaufman to second
Batting: RHB Martín Alejadre 0-0: Swinging Strike
0-1: Foul Ball, location: 2F
0-2: Foul Ball, location: 2F
0-2: Ball
1-2: Foul Ball, location: 2F
1-2: Fly out, F9 (Flyball, 9)
Top of the 6th over - 1 run, 2 hits, 0 errors, 3 left on base; Brinkley 2 - Hialeah 0
BOTTOM OF THE 6TH
Hialeah Dodos batting - Pitching for Brinkley Belugas : RHP Carlos Peret
Batting: LHB Raúl Aguirre 0-0: Called Strike
0-1: Foul Ball, location: 2F
0-2: Foul Ball, location: 2F
0-2: Ball
1-2: Ball
2-2: Strikes out swinging
Batting: RHB Owen Cannon 0-0: Ball
1-0: Ball
2-0: Ball
3-0: Base on Balls
Batting: RHB Curt Kenney 0-0: Fly out, F5 (Line Drive, 56)
Batting: RHB Stephen McManus 0-0: Called Strike
Owen Cannon steals 2nd base
0-1: Ball
1-1: Ball
2-1: Ground out 6-3 (Groundball, 6)
Bottom of the 6th over - 0 runs, 0 hits, 0 errors, 1 left on base; Brinkley 2 - Hialeah 0
TOP OF THE 7TH
Brinkley Belugas batting - Pitching for Hialeah Dodos : RHP Woo-suk Cho
Batting: RHB Colm Goodwill 0-0: DOUBLE (Flyball, 8LXD)
Batting: RHB Wu-shiun Wang 0-0: Intentional Walk
Batting: RHB Rubén Campos 0-0: Called Strike
0-1: Foul Ball, location: 2F
0-2: Ball
1-2: SINGLE (Line Drive, 34D)
Colm Goodwill to third
Wu-shiun Wang to second
Batting: SHB Eddie Ménard 0-0: DOUBLE (Line Drive, 8RXD)
Colm Goodwill scores
Wu-shiun Wang scores
Rubén Campos to third
Runner from 3rd tries for Home, SAFE, no throw
Pitching: RHP Alberto Robles
Batting: RHB Felix Plugge 0-0: SINGLE (Line Drive, 78M)
Eddie Ménard to third
Batting: RHB Brandon Cole 0-0: Called Strike
0-1: Ball
1-1: Foul Ball, location: 2F
1-2: Foul Ball, location: 2F
1-2: Ball
2-2: Foul Ball, location: 2F
2-2: Ground out U3 (Groundball, 34S)
Felix Plugge to second
Batting: LHB Gerald Kaufman 0-0: Ball
1-0: Called Strike
1-1: Ball
2-1: SINGLE (Groundball, 4MD)
Eddie Ménard scores
Felix Plugge to third
Batting: RHB Oscar Gandarilla 0-0: Swinging Strike
0-1: Called Strike
0-2: Strikes out swinging
Batting: RHB Martín Alejadre 0-0: Ball
1-0: SINGLE (Flyball, 89M)
Felix Plugge scores
Gerald Kaufman to second
Runner from 2nd tries for 3rd, SAFE, no throw
Batting: RHB Colm Goodwill 0-0: Foul Ball, location: 2F
0-1: Ball
1-1: Fly out, F4 (Popup, 4D)
Top of the 7th over - 5 runs, 6 hits, 0 errors, 2 left on base; Brinkley 7 - Hialeah 0
BOTTOM OF THE 7TH
Hialeah Dodos batting - Pitching for Brinkley Belugas : RHP Carlos Peret
Now at 1B: Natale Langushi
Batting: RHB Aurelio Álvarez 0-0: Called Strike
0-1: Ball
1-1: Ball
2-1: Foul Ball, location: 2F
2-2: Ball
3-2: Base on Balls
Batting: RHB Jack Head 0-0: Ball
1-0: Ball
2-0: Foul Ball, location: 2F
2-1: Ball
3-1: Base on Balls
Aurelio Álvarez to second
Batting: LHB Perry Bothof 0-0: Called Strike
0-1: Called Strike
0-2: Foul Ball, location: 2F
0-2: Strikes out looking
Batting: SHB Javier Gonzáles 0-0: Swinging Strike
0-1: Ball
1-1: Fly out, F8 (Line Drive, 78D)
Batting: RHB Clarence Weber 0-0: Ball
1-0: Ground out U3 (Groundball, 34S)
Bottom of the 7th over - 0 runs, 0 hits, 0 errors, 2 left on base; Brinkley 7 - Hialeah 0
TOP OF THE 8TH
Brinkley Belugas batting - Pitching for Hialeah Dodos : RHP Alberto Robles
Batting: RHB Wu-shiun Wang 0-0: Foul Ball, location: 2F
0-1: Foul Ball, location: 2F
0-2: Ball
1-2: Ball
2-2: Ground out 1-3 (Groundball, 13S)
Batting: RHB Rubén Campos 0-0: Fly out, F4 (Line Drive, 4M)
Batting: SHB Eddie Ménard 0-0: Called Strike
0-1: Called Strike
0-2: Foul Ball, location: 2F
0-2: Ball
1-2: Ball
2-2: Ball
3-2: Foul Ball, location: 2F
3-2: Foul Ball, location: 2F
3-2: Base on Balls
Batting: RHB Felix Plugge 0-0: Called Strike
0-1: Called Strike
0-2: Ball
Eddie Ménard steals 2nd base
1-2: Ball
2-2: Strikes out swinging
Top of the 8th over - 0 runs, 0 hits, 0 errors, 1 left on base; Brinkley 7 - Hialeah 0
BOTTOM OF THE 8TH
Hialeah Dodos batting - Pitching for Brinkley Belugas : RHP Carlos Peret
Batting: LHB Raúl Aguirre 0-0: Foul Ball, location: 2F
0-1: Ball
1-1: Ground out 4-3 (Groundball, 4)
Batting: RHB Owen Cannon 0-0: Called Strike
0-1: Ball
1-1: SINGLE (Groundball, 34D)
Batting: RHB Curt Kenney 0-0: Ball
1-0: Called Strike
1-1: Swinging Strike
1-2: Ball
2-2: Foul Ball, location: 2F
2-2: Grounds into double play, 6-4-3 (Groundball, 6)
Bottom of the 8th over - 0 runs, 1 hit, 0 errors, 0 left on base; Brinkley 7 - Hialeah 0
TOP OF THE 9TH
Brinkley Belugas batting - Pitching for Hialeah Dodos : RHP Alberto Robles
Batting: RHB Brandon Cole 0-0: Ground out 5-3 (Groundball, 56S)
Batting: LHB Gerald Kaufman 0-0: Ball
1-0: Ball
2-0: Swinging Strike
2-1: Foul Ball, location: 2F
2-2: SINGLE (Groundball, 4MD)
Batting: RHB Oscar Gandarilla 0-0: Ball
1-0: Called Strike
1-1: SINGLE (Flyball, 9LM)
Gerald Kaufman to second
Runner from 2nd tries for 3rd, OUT!
Batting: LHB Natale Langushi 0-0: Ball
1-0: Ball
2-0: SINGLE (Groundball, 4D)
Oscar Gandarilla to second
Throwing error, E9
Oscar Gandarilla scores
Natale Langushi to second
Batting: RHB Colm Goodwill 0-0: Ball
1-0: Foul Ball, location: 2F
1-1: Foul Ball, location: 2F
1-2: Ball
2-2: Ball
3-2: SINGLE (Line Drive, 7LS)
Natale Langushi to third
Natale Langushi scores
Batting: RHB Wu-shiun Wang 0-0: Ball
Colm Goodwill steals 2nd base
1-0: Ground out 5-3 (Groundball, 5S)
Top of the 9th over - 2 runs, 4 hits, 1 error, 1 left on base; Brinkley 9 - Hialeah 0
BOTTOM OF THE 9TH
Hialeah Dodos batting - Pitching for Brinkley Belugas : RHP Carlos Peret
Pinch Hitting: RHB Andrew Crosby 0-0: SOLO HOME RUN (Flyball, 9LD), Distance : 339 ft
Pitching: LHP Rodney Spurr
Batting: RHB Aurelio Álvarez 0-0: Foul Ball, location: 2F
0-1: Ball
1-1: Ball
2-1: Foul Ball, location: 2F
2-2: Ball
3-2: Foul Ball, location: 2F
3-2: Base on Balls
Batting: RHB Jack Head 0-0: Ball
1-0: 2-RUN HOME RUN (Line Drive, 7LD), Distance : 345 ft
Batting: LHB Perry Bothof 0-0: Swinging Strike
0-1: Ball
1-1: Called Strike
1-2: Ball
2-2: Strikes out looking
Batting: SHB Javier Gonzáles 0-0: Swinging Strike
0-1: Ball
1-1: Ball
2-1: Ball
3-1: Swinging Strike
3-2: Ground out 6-3 (Groundball, 6M)
Batting: RHB Clarence Weber 0-0: Called Strike
0-1: Called Strike
0-2: Fly out, F7 (Flyball, 7S)
Bottom of the 9th over - 3 runs, 2 hits, 0 errors, 0 left on base; Brinkley 9 - Hialeah 3
Tuesday, June 12th, 2018 - OOTP Baseball 18.8 Build 76